 Dungeon Crawl Stone Soup version 0.29.1-1-gd02db6906a (webtiles) character file.

Game seed: 2691041220210661825

10521 xian the Basher (level 11, 0/81 HPs)
             Began as a Vampire Fighter on Oct 4, 2022.
             Was a High Priest of Okawaru.
             Killed from afar by a deep elf knight (16 damage)
             ... with a lance of force
             ... on level 10 of the Dungeon.
             The game lasted 00:26:21 (8883 turns).

xian the Basher (Vampire Fighter)                   Turns: 8883, Time: 00:26:22

Health: 0/81       AC: 21    Str: 19    XL:     11   Next: 37%
Magic:  11/11      EV:  4    Int: 17    God:    Okawaru [*****.]
Gold:   555        SH:  0    Dex: 14    Spells: 10/10 levels left

rFire   + . .      SeeInvis +   x - +10 hammer "Unoonyxt" {drain, *Noise Int+6}
rCold   . . .      Faith    .   c - +0 buckler
rNeg    + . .      Spirit   .   b - +3 plate armour {rF+}
rPois   .          Reflect  .   t - +1 helmet of Mumblety Peg {Rampage}
rElec   .          Harm     .   a - +2 cloak {rCorr}
rCorr   +          Rampage  +   (no gloves)
Will    +....                   (no boots)
Stlth   ..........              k - amulet of regeneration
HPRegen 1.23/turn               g - ring of resist corrosion
MPRegen 0.12/turn               q - ring of positive energy

@: marked, held, healing quickly
A: alive, fangs 3, see invisible, vampiric 2
a: Exsanguinate, Renounce Religion, Heroism, Finesse, Duel


You were on level 10 of the Dungeon.
You worshipped Okawaru.
Okawaru was extremely pleased with you.
You visited 1 branch of the dungeon, and saw 10 of its levels.
You also visited: Ossuary.

You collected 622 gold pieces.
You spent 67 gold pieces at shops.

Inventory:

Hand Weapons
 f - a +4 shortbow of freezing
 x - the +10 hammer "Unoonyxt" (weapon) {drain, *Noise Int+6}
   (You found it on level 2 of the Dungeon)

   A truly terrible weapon, it drains the life of any living foe it strikes.
   Int:       It affects your intelligence (+6).
   *Noise:    It may make noises in combat.
 Q - the +9 demon whip of Saxtiem {freeze, rElec rN+ Str+3}
   (Okawaru gifted it to you on level 9 of the Dungeon)

   It freezes those it strikes, dealing additional cold damage.
   It can also slow down cold-blooded creatures.
   Str:       It affects your strength (+3).
   rElec:     It insulates you from electricity.
   rN:        It protects you from negative energy.
Missiles
 j - 3 javelins (quivered)
 m - 13 poisoned darts
 A - 2 throwing nets
 I - 2 atropa-tipped darts
 L - 3 boomerangs of dispersal
 M - a curare-tipped dart
 P - 2 silver javelins
Armour
 a - a +2 cloak of preservation (worn)
 b - a +3 plate armour of fire resistance (worn)
 c - a +0 buckler (worn)
 t - the +1 helmet of Mumblety Peg (worn) {Rampage}
   (You took it off Robin on level 2 of the Dungeon)

   Rampage:   It bestows one free step when moving towards enemies.
Jewellery
 g - a ring of resist corrosion (left hand)
 k - an amulet of regeneration (around neck)
 q - a ring of positive energy (right hand)
Wands
 l - a wand of flame (29)
 E - a wand of polymorph (6)
 K - a wand of iceblast (39)
Scrolls
 h - 3 scrolls of magic mapping
 i - 3 scrolls of fear
 n - 2 scrolls of enchant armour
 o - a scroll of enchant weapon
 u - 2 scrolls of immolation
 w - a scroll of blinking
 y - 4 scrolls of fog
 B - 6 scrolls of teleportation
 C - a scroll of silence
Potions
 d - 7 potions of might
 e - 11 potions of curing
 p - 3 potions of heal wounds {unknown}
 r - 4 potions of mutation {unknown}
 s - 2 potions of brilliance {unknown}
 v - 2 potions of resistance {unknown}
 z - 4 potions of flight {unknown}
 F - 5 potions of lignification
 G - 2 potions of invisibility {unknown}
 H - a potion of attraction {unknown}
 J - 2 potions of magic {unknown}
Miscellaneous
 O - a phial of floods


   Skills:
 + Level 6.0 Fighting
 - Level 4.6 Short Blades
 * Level 11.2 Maces & Flails
 + Level 1.8 Throwing
 + Level 6.7 Armour
 + Level 3.8 Dodging
 + Level 2.1 Stealth
 + Level 5.0 Shields


You had 10 spell levels left.
You didn't know any spells.
Your spell library contained the following spells:

 Spells                   Type           Power      Damage    Failure   Level
 Freeze                   Ice            0%         1d3       100%        1
 Sting                    Tmut/Pois      0%         1d3       100%        1
 Poisonous Vapours        Pois/Air       0%         N/A       100%        2
 Frozen Ramparts          Ice            0%         1d1       100%        3
 Hailstorm                Conj/Ice       0%         3d3       100%        4
 Ice Form                 Ice/Tmut       0%         N/A       100%        4
 Olgreb's Toxic Radiance  Pois           0%         N/A       100%        4
 Storm Form               Tmut/Air       0%         N/A       100%        7
 Maxwell's Capacitive Co  Air            0%         ∞         100%        8
 Summon Lightning Spire   Summ/Air       Unusable   N/A       N/A         4
 Simulacrum               Ice/Necr       Unusable   N/A       N/A         6

Dungeon Overview and Level Annotations

Branches:
Dungeon (10/15)            Temple (0/1) D:4            Lair (0/5) D:10
Ossuary (visited)
    Orc: D:9-12

Altars:
Gozag
Okawaru
Wu Jian
Yredelemnul

Shops:
D:8 *   D:9 (

Annotations:
D:10 Harold


Innate Abilities, Weirdness & Mutations

Your natural rate of healing is accelerated.
You have razor-sharp teeth.
You have supernaturally acute eyesight. (SInv)
You are afflicted with vampirism and can become a bat while bloodless.


Message History

The deep elf knight unwields a +0 short sword.
The deep elf knight wields a +0 shortbow.
The deep elf knight shoots an arrow.
The arrow hits the deep elf knight.
You rip the net and break free!
The deep elf knight shoots an arrow.
The arrow hits the deep elf knight!
The deep elf knight casts a spell at you.
The shard of ice hits you!!
Harold throws a throwing net.
The throwing net hits the deep elf knight.
The deep elf knight is caught in the net!
The deep elf knight struggles against the net.
The deep elf knight struggles against the net.
The deep elf knight struggles against the net. x2
The deep elf knight struggles against the net.
The net rips apart, and the deep elf knight comes free!
Harold throws a throwing net.
The throwing net hits you.
You become entangled in the net!
You see here a throwing net.
You struggle against the net.
You tear a large gash into the net.
The deep elf knight casts a spell at you.
The shard of ice hits you!
The deep elf knight casts a spell.
The deep elf knight flickers and vanishes for a moment.
You shred the net and break free!
The deep elf knight casts a spell.
The deep elf knight seems to speed up.
The deep elf knight hits you but does no damage.
Harold throws a throwing net.
The throwing net hits you.
You become entangled in the net!
The deep elf knight hits you with a +0 long sword!
You see here a throwing net.
You struggle against the net.
The deep elf knight hits you with a +0 long sword!
* * * LOW HITPOINT WARNING * * *
Harold points at you and mumbles some strange words.
A sentinel's mark forms upon you.
You tear a large gash into the net.
The deep elf knight points at you and mumbles some strange words.
The lance of force hits you!
You die...

#########################
........................#
........................#
........................# ..
........................# ...
................@e.(.... ..##
.......#########.e@.########..#(
.......# #.................##
.......# #...................
.......# #...................
.......#.. #................e..
####...#.. ####################
.......... #.........#
.......... #.........#


You could see Harold and 2 deep elf knights.

Vanquished Creatures
  A two-headed ogre (D:10)
  Pikel (D:7)
  A gargoyle (D:10)
  Prince Ribbit (D:7)
  2 hornets (D:9)
  2 wyverns (D:8)
  Sigmund (D:2)
  21 yaks
  2 wraiths
  Eustachio (D:5)
  Grum (D:9)
  Menkaure (D:7)
  6 water moccasins
  A black bear (D:4)
  A hornet zombie (D:7)
  4 orc warriors
  2 sky beasts
  4 wolves (D:9)
  2 centaurs
  2 ogres (D:6)
  2 phantoms
  2 lemures (D:7)
  A kobold brigand (D:7)
  2 necrophages
  5 bullfrogs
  A scorpion (D:6)
  4 wights (D:9)
  8 killer bees (D:9)
  A howler monkey (D:9)
  An electric eel (D:6)
  A centaur zombie (Ossuary)
  5 hounds
  4 jellies
  Crazy Yiuf (D:2)
  3 gnoll boudas
  5 iguanas
  A human zombie (Ossuary)
  3 orc wizards
  A howler monkey zombie (D:7)
  4 mummies (Ossuary)
  Robin (D:2)
  11 gnolls
  10 adders
  2 shadow imps
  An ufetubus (D:5)
  3 worms
  22 orcs
  11 endoplasms
  4 giant cockroaches
  A gnoll zombie (Ossuary)
  13 goblins
  12 hobgoblins
  8 jackals (D:1)
  3 quokkas
  3 training dummies (D:9)
  10 ball pythons
  4 bats
  4 frilled lizards
  3 goblin zombies (Ossuary)
  A hobgoblin zombie (Ossuary)
  10 kobolds
  A kobold zombie (Ossuary)
  6 rats
256 creatures vanquished.

Notes
Turn   | Place    | Note
-------+----------+-------------------------------------------
     0 | D:1      | xian the Vampire Fighter began the quest for the Orb.
     0 | D:1      | Reached XP level 1. HP: 17/17 MP: 1/1
   102 | D:1      | Reached XP level 2. HP: 23/23 MP: 2/2
   814 | D:1      | Gained mutation: You are afflicted with vampirism and can
                  | become a bat while bloodless. [Vampire growth]
   814 | D:1      | Reached XP level 3. HP: 25/26 MP: 3/3
  1194 | D:2      | Noticed Sigmund
  1199 | D:2      | Reached skill level 1 in Dodging
  1240 | D:3      | Reached XP level 4. HP: 9/31 MP: 4/4
  1956 | D:3      | Found an ornate altar of the Wu Jian Council.
  1956 | D:3      | Found an iron altar of Okawaru.
  2024 | D:3      | Became a worshipper of Warmaster Okawaru
  2327 | D:2      | Identified the +1 helmet of Mumblety Peg {Rampage}
  2327 | D:2      | Noticed Robin
  2372 | D:2      | Killed Robin
  2373 | D:2      | Reached XP level 5. HP: 36/36 MP: 5/5
  2570 | D:2      | Killed Sigmund
  2571 | D:2      | Reached XP level 6. HP: 32/47 MP: 6/6
  2900 | D:2      | Found a runed translucent door.
  2901 | D:2      | Identified the +10 hammer "Unoonyxt" {drain, *Noise Int+6}
  2901 | D:2      | Noticed Crazy Yiuf
  2910 | D:2      | Killed Crazy Yiuf
  3096 | D:4      | Reached * piety under Okawaru
  3114 | D:4      | Noticed a water moccasin
  3124 | D:4      | Killed a water moccasin
  3125 | D:4      | Reached skill level 1 in Maces & Flails
  3125 | D:4      | Reached XP level 7. HP: 40/53 MP: 7/7
  3129 | D:4      | Reached skill level 2 in Maces & Flails
  3190 | D:4      | Reached skill level 1 in Stealth
  3276 | D:4      | Found a staircase to the Ecumenical Temple.
  3361 | D:4      | Found an opulent altar of Gozag.
  3802 | D:4      | Reached ** piety under Okawaru
  3803 | D:4      | Reached skill level 3 in Maces & Flails
  3931 | D:5      | Entered Level 5 of the Dungeon
  3968 | D:5      | Noticed Eustachio
  3977 | D:5      | Killed Eustachio
  3978 | D:5      | Reached XP level 8. HP: 60/60 MP: 8/8
  3984 | D:5      | Reached skill level 4 in Maces & Flails
  4212 | D:5      | Reached skill level 5 in Maces & Flails
  4599 | D:6      | Reached *** piety under Okawaru
  4660 | D:6      | Reached skill level 6 in Maces & Flails
  4754 | D:6      | Reached skill level 1 in Throwing
  4754 | D:6      | Reached XP level 9. HP: 60/65 MP: 9/9
  5234 | D:7      | Noticed Prince Ribbit
  5252 | D:7      | Killed Prince Ribbit
  5252 | D:7      | Reached **** piety under Okawaru
  5253 | D:7      | Reached skill level 7 in Maces & Flails
  5253 | D:7      | Reached skill level 5 in Armour
  5387 | D:7      | Noticed Menkaure
  5392 | D:7      | Killed Menkaure
  5597 | D:7      | Noticed Pikel
  5605 | D:7      | Killed Pikel
  5635 | D:7      | Identified the +3 war axe of Liuxkal {vorpal, Drain rPois
                  | rN+}
  5692 | D:7      | Reached skill level 8 in Maces & Flails
  6062 | D:7      | Found a basalt altar of Yredelemnul.
  6239 | D:8      | Found Rynuck Ycay's Overcharged Wands.
  6253 | D:8      | Identified the +0 leather armour of the Ornamental God
                  | {Str+2 Dex+2 Stlth+}
  6292 | D:8      | Found a sand-covered staircase.
  6316 | D:8      | Reached XP level 10. HP: 73/73 MP: 10/10
  6324 | D:8      | Reached skill level 9 in Maces & Flails
  6331 | D:8      | Reached ***** piety under Okawaru
  6351 | Ossuary  | Entered an ossuary
  7211 | D:9      | Reached skill level 5 in Fighting
  7218 | D:9      | Received a gift from Okawaru
  7282 | D:9      | Reached skill level 10 in Maces & Flails
  7737 | D:9      | Noticed Grum
  7752 | D:9      | Killed Grum
  7940 | D:9      | Found Nyevop's Firing Range.
  7963 | D:9      | Bought 2 silver javelins for 67 gold pieces
  8046 | D:10     | Entered Level 10 of the Dungeon
  8066 | D:9      | Identified the +9 demon whip of Saxtiem {freeze, rElec rN+
                  | Str+3} (Okawaru gifted it to you on level 9 of the Dungeon)
  8066 | D:9      | Received a gift from Okawaru
  8067 | D:9      | Reached XP level 11. HP: 53/81 MP: 11/11
  8524 | D:10     | Found a staircase to the Lair.
  8718 | D:10     | Reached skill level 11 in Maces & Flails
  8782 | D:10     | Noticed a two-headed ogre
  8793 | D:10     | Killed a two-headed ogre
  8794 | D:10     | Reached skill level 5 in Shields
  8865 | D:10     | Noticed a deep elf knight
  8865 | D:10     | Noticed a +7 double sword
  8865 | D:10     | Noticed Harold
  8865 | D:10     | Noticed a deep elf knight
  8883 | D:10     | Killed from afar by a deep elf knight

Illustrated notes

Levels and vault maps discovered:
D:1:      doesnt_arrival_eight_statues, layout_basic
D:2:      layout_loops_ring, uniq_crazy_yiuf_cottage, uniq_robin, uniq_sigmund
D:3:      layout_basic, amethyst_overflow_temple_binary
D:4:      cheibrodos_barr_body, layout_basic, mainiacjoe_overflow_brackets,
          mainiacjoe_overflow_alcove_4, minmay_temple_entry_glassed_door
D:5:      layout_loops_ring, uniq_eustachio
D:6:      layout_loops_ring, kennysheep_cluttered_room
D:7:      layout_loops_ring, lemuel_zombie_altar_yredelemnul, uniq_menkaure,
          uniq_pikel, uniq_prince_ribbit1
D:8:      layout_cave_pools, nicolae_ossuary_entry_monument, serial_rivers,
          chequers_serial_rivers_marsh, chequers_serial_rivers_large_a,
          chequers_serial_rivers_large_b, chequers_serial_rivers_micro_d,
          nicolae_shop_overcharged_wands
D:9:      layout_loops_cross, corexii_hall_statues_x, nicolae_shop_firing_range,
          uniq_grum
D:10:     layout_grid_maze, lair_entry_dummy, minivault_24, sword_in_stone

Skill      XL: |  1  2  3  4  5  6  7  8  9 10 11 |
---------------+----------------------------------+-----
Shields        | 3 4 5 |  5.0
Fighting       | 3 4 5 6 |  6.0
Dodging        | 1 2 3 |  3.8
Armour         | 3 4 5 6 |  6.7
Short Blades   | 3 4 |  4.6
Maces & Flails | 1 3 6 8 10 11 | 11.2
Stealth        | 1 2 |  2.1
Throwing       | 1 |  1.8

Action                   |  1- 3 |  4- 6 |  7- 9 | 10-12 || total
-------------------------+-------+-------+-------+-------++-------
Melee: Rapier            |   106 |   191 |       |       ||   297
       Bite              |     9 |    17 |    18 |    32 ||    76
       Mace              |       |    32 |   211 |   367 ||   610
Throw: Dart              |       |     1 |    19 |    12 ||    32
       Javelin           |       |       |       |    11 ||    11
 Abil: Exsanguinate      |     1 |       |       |       ||     1
       Revivify          |     1 |       |       |       ||     1
  Use: Scroll            |       |       |     8 |     7 ||    15
Armor: Scale mail        |    84 |    79 |    81 |       ||   244
       Plate armour      |       |       |     9 |   238 ||   247
Dodge: Dodged            |    85 |   108 |    86 |   132 ||   411
Block: Buckler           |    29 |    49 |    40 |   100 ||   218
